 Dungeon Crawl Stone Soup version 0.29-a0-359-g541a27f54d (webtiles) character file.

Game seed: 6755876772546242803

0 spiderkeys the Skirmisher (level 1, -18/19 HPs)
             Began as a Ghoul Abyssal Knight on Apr 28, 2022.
             Was a Believer of Lugonu.
             Demolished by a tentacled starspawn (37 damage)
             ... on level 1 of the Abyss.
             The game lasted 00:00:05 (85 turns).

spiderkeys the Skirmisher (Ghoul Abyssal Knight)      Turns: 85, Time: 00:00:05

Health: -18/19     AC:  3    Str: 16    XL:     1   Next: 0%
Magic:  1/1        EV: 11    Int:  5    God:    Lugonu [**....]
Gold:   0          SH:  0    Dex:  9    Spells: 0/0 levels left

rFire   . . .      SeeInvis .   a - +1 hand axe
rCold   + . .      Faith    .   (no shield)
rNeg    + + +      Spirit   .   b - +0 leather armour
rPois   ∞          Reflect  .   (no helmet)
rElec   .          Harm     .   (no cloak)
rCorr   .          Rampage  .   (no gloves)
Will    .....                   (no boots)
Stlth   +.........              (no amulet)
HPRegen 0.00/turn               (no ring)
MPRegen 0.07/turn               (no ring)

@: inhibited regen
A: claws 1, cold resistance 1, negative energy resistance 3, inhibited
regeneration, torment resistance 2, devour on kill
a: Renounce Religion, Depart the Abyss, Bend Space


You were on level 1 of the Abyss.
You worshipped Lugonu.
Lugonu was pleased with you.
You visited 0 branches of the dungeon, and saw 0 of its levels.
You visited the Abyss 1 time.


Innate Abilities, Weirdness & Mutations

You are immune to poison.
You have sharp fingernails.
Your flesh is cold resistant. (rC+)
You are immune to negative energy. (rN+++)
You do not regenerate when monsters are visible.
You are immune to unholy pain and torment.
You thrive by killing the living.


   Skills:
 + Level 3.2 Fighting
 + Level 1.7 Axes
 + Level 1.7 Armour
 + Level 0.8 Dodging
 + Level 2.0 Invocations


You couldn't memorise any spells.
You didn't know any spells.
Your spell library was empty.

Inventory:

Hand Weapons
 a - a +1 hand axe (weapon)
Armour
 b - a +0 leather armour (worn)

Dungeon Overview and Level Annotations

Branches:
Dungeon (0/15)

Altars:

...#####........ .
#≈#.#.#...#.#...
..≈≈≈...##....#..
#≈≈≈............
..≈§≈≈.#..#...## #
#§ ≈♣##.#..#..##.#
.≈ ≈..#..#..#....
.≈≈≈≈#.#.wX#.....#
≈≈≈≈....@#...#...
#≈≈≈≈..#.4##..##.
#≈≈≈≈...X...###..
.≈≈≈≈#..###.#...#
.≈≈♣≈#.#.###.....
≈≈≈≈##..# .####. ≈
.# ..


You could see a starcursed mass, a tentacled starspawn, a hellwing and a
starspawn tentacle.


Message History

🤖 Initializing magus.rc ...
Options error: Bad monster_list_colour key: strict_neutral (~/.crawlrc:5438) ✅ Successfully initialized magus.rc [v1.11.3] Welcome, spiderkeys the Ghoul Abyssal Knight.
The heart of this dungeon contains the breathtaking artefact, the Orb of Zot.
Lugonu says: Depart the Abyss and spread corruption, my servant! (use the ability menu to exit the Abyss) Press ? for a list of commands and other information.
Found a corrupted altar of Lugonu.
A hellwing is cast out of reality.
The hellwing gives a chilling moan.
Tentacles burst from the starspawn's body! 2 starspawn tentacles come into view.
A starcursed mass comes into view.
A starcursed mass splits.
A tentacle flies out from the starspawn's body!
The hellwing swoops through the air toward you!
The hellwing barely misses you. x2
A starspawn tentacle comes into view.
You hit the hellwing.
You barely miss the tentacled starspawn.
You hit the starspawn tentacle but do no damage.
You hit the starcursed mass.
The starcursed mass shudders and is absorbed by its neighbour.
The tentacled starspawn bites you!!!
Ouch! That really hurt!
You die...

Action                   || total
-------------------------++-------
Melee: Hand axe          ||     1
Dodge: Dodged            ||     2

Levels and vault maps discovered:
Abyss:1:  base: Temple, base:
Temple

Notes
Turn   | Place    | Note
-------+----------+-------------------------------------------
     0 | Abyss:1  | spiderkeys the Ghoul Abyssal Knight began the quest for the
                  | Orb.
     0 | Abyss:1  | Reached XP level 1. HP: 19/19 MP: 1/1
     0 | Abyss:1  | magus.rc [v1.11.3]
    79 | Abyss:1  | Noticed a hellwing
    79 | Abyss:1  | Noticed a tentacled starspawn
    81 | Abyss:1  | Noticed a starcursed mass
    85 | Abyss:1  | Demolished by a tentacled starspawn

Vanquished Creatures (others)
  2 starspawn tentacles (Abyss:1)
2 creatures vanquished.

Table legend:
 A = Non-vault XP
 B = Vault XP
 C = Vault XP percentage of total XP
 D = Non-vault monster count
 E = Vault monster count
 F = Vault count percentage of total count
                 A         B        C        D         E       F
            +---------+---------+-------+---------+---------+-------
      Total |       0 |       0 |   N/A |       0 |       0 |  -nan
            +---------+---------+-------+---------+---------+-------
            +---------+---------+-------+---------+---------+-------

Illustrated notes

Table legend: (Time is in decaauts)
 A = Elapsed time spent in this place.
 B = Non-inter-level travel time spent in this place.
 C = Inter-level travel time spent in this place.
 D = Time resting spent in this place.
 E = Time spent auto-exploring this place.
 F = Levels seen in this place.
 G = Mean time per level.
                   A        B        C        D        E       F      G
               +--------+--------+--------+--------+--------+-----+--------+
         Total |     85 |     85 |      0 |      0 |     79 |   1 |   85.0 |
         Abyss |     85 |     85 |      0 |      0 |     79 |   1 |   85.0 |
               +--------+--------+--------+--------+--------+-----+--------+

Top non-repeatable levels by time:
 Abyss:1: 85 daAuts
